 Dungeon Crawl Stone Soup version 0.27-a0-1502-g47ed6a6988 (webtiles) character file.

Game seed: 10058894714835936446

48 Kold the Chiller (level 3, -1/24 HPs)
             Began as a Mummy Ice Elementalist on July 9, 2021.
             Slain by an adder (2 damage)
             ... on level 3 of the Dungeon.
             The game lasted 00:02:52 (1722 turns).

Kold the Chiller (Mummy Ice Elementalist)           Turns: 1722, Time: 00:02:53

Health: -1/24      AC:  3    Str: 11    XL:     3   Next: 50%
Magic:  0/7        EV: 12    Int: 15    God:
Gold:   57         SH:  0    Dex: 12    Spells: 7/8 levels left

rFire    x . .     SeeInvis .   c - +0 quick blade
rCold    + . .     Faith    .   (no shield)
rNeg     + + +     Spirit   .   a - +1 robe
rPois    ∞         Reflect  .   (no helmet)
rElec    .         Harm     .   (no cloak)
rCorr    .         Rampage  .   (no gloves)
Will     .....                  (no boots)
Stlth    ++........             (no amulet)
HPRegen  0.08/turn              (no ring)
MPRegen  0.10/turn              (no ring)

@: no status effects
A: cold resistance 1, negative energy resistance 3, torment resistance 2, heat
vulnerability 1, no potions
a: no special abilities


You were on level 3 of the Dungeon.
You visited 1 branch of the dungeon, and saw 3 of its levels.

You collected 57 gold pieces.

Inventory:

Hand Weapons
 c - a +0 quick blade (weapon)
Armour
 a - a +1 robe (worn)
Jewellery
 d - a ring of see invisible


   Skills:
 + Level 0.9 Short Blades
 - Level 2.0 Dodging
 - Level 2.0 Stealth
 + Level 3.4 Spellcasting
 + Level 3.5 Ice Magic


You had 7 spell levels left.
You knew the following spells:

 Your Spells              Type           Power      Damage    Failure   Level
a - Freeze                Ice            52%        1d7       4%          1

Your spell library contained the following spells:

 Spells                   Type           Power      Damage    Failure   Level
 Frozen Ramparts          Ice            26%        1d4       14%         3
 Ozocubu's Armour         Ice            13%        N/A       14%         3
 Sandblast                Erth           4%         2d4       19%         1
 Passwall                 Tmut/Erth      1%         N/A       28%         2
 Hailstorm                Conj/Ice       7%         3d4       67%         4
 Lee's Rapid Deconstruct  Erth           1%         3d5*      99%         5


Dungeon Overview and Level Annotations

Branches:
Dungeon (3/15)

Altars:
Nemelex Xobeh

Portals:
Sewer: D:3

Annotations:
D:2 Robin


Innate Abilities, Weirdness & Mutations

You are immune to poison.
Your flesh is cold resistant. (rC+)
You are immune to negative energy. (rN+++)
You are immune to unholy pain and torment.
You are vulnerable to heat. (rF-)
You do not drink.


Message History

You kill the adder!
The adder bites you but does no damage. The adder closely misses you.
The adder misses you. The adder barely misses you.
The adder closely misses you.
You barely miss the adder. The adder bites you.
Casting: Freeze (safe; 4% risk of failure)
Confirm with . or Enter, or press ? or * to list all spells.
Aiming: Freeze (safe; 4% risk of failure)
Press: ? - help, Shift-Dir - straight line, f - adder
Aim: an adder You freeze the adder.
The adder is lightly wounded.
The adder seems to slow down.
You hit the adder but do no damage.
The adder is lightly wounded.
Casting: Freeze (safe; 4% risk of failure)
Confirm with . or Enter, or press ? or * to list all spells.
Aiming: Freeze (safe; 4% risk of failure)
Press: ? - help, Shift-Dir - straight line, f/p - adder
Aim: an adder (lightly wounded, slow)
You freeze the adder.
The adder is moderately wounded.
The adder seems to slow down.
The adder closely misses you. The adder misses you.
You hit the adder.
The adder is heavily wounded.
The adder bites you.
* * * LOW HITPOINT WARNING * * *
The adder bites you but does no damage.
You closely miss the adder. The adder bites you.
* * * LOW HITPOINT WARNING * * *
As you read the scroll labelled SILURCH PINA, it crumbles to dust.
It is a scroll of enchant armour.
Your +0 robe glows green for a moment.
The adder bites you.
* * * LOW HITPOINT WARNING * * *
You closely miss the adder. The adder closely misses you.
You hit the adder.
The adder is heavily wounded.
The adder bites you.
You die...

#........# #.....
####........# #.##..
##...........# #.##..
..#######...# #.##..
#.#≈≈≈≈≈#[..# #)##..
#.†≈≈∩≈≈#...###.##..
##.#≈≈≈≈≈#.......##..
#.###..#######.#.######..
#...†.SS@......#.# #..
###########......# ###
#.#.#### #.#.# #.#..
#.#### ..# ###


You could see 2 adders.

Vanquished Creatures
  An adder (D:3)
  2 dart slugs (D:1)
  An orc (D:3)
  2 ball pythons
  An endoplasm (D:3)
  A giant cockroach (D:3)
  A hobgoblin (D:1)
  2 quokkas
  3 frilled lizards
  8 goblins
  4 kobolds
  6 rats (D:1)
32 creatures vanquished.

Notes
Turn   | Place    | Note
-------+----------+-------------------------------------------
     0 | D:1      | Kold the Mummy Ice Elementalist began the quest for the
                  | Orb.
     0 | D:1      | Reached XP level 1. HP: 13/13 MP: 4/4
   453 | D:1      | Found a faded altar of an unknown god.
   524 | D:1      | Reached XP level 2. HP: 19/19 MP: 2/5
  1515 | D:2      | Found a sparkling altar of Nemelex Xobeh.
  1530 | D:2      | Noticed Robin
  1534 | D:2      | Reached XP level 3. HP: 19/24 MP: 3/7
  1666 | D:3      | Found a glowing drain.
  1720 | D:3      | HP: 1/24 [adder (2)]
  1722 | D:3      | Slain by an adder

Illustrated notes

Levels and vault maps discovered:
D:1:      dpeg_arrival_ratfight, layout_basic,
          shapermc_ecumenical_altar_starsandcircs
D:2:      layout_loops_corners, basic_altar, uniq_terence, uniq_robin
D:3:      layout_basic, serial_shops, shop, gup_sewer_entry_glass,
          chequers_arboretum

Skill      XL: |  1  2  3 |
---------------+----------+-----
Spellcasting   | 3 |  3.4
Stealth        | 2 |  2.0
Dodging        | 2 |  2.0
Short Blades   | |  0.9
Ice Magic      | |  3.5

Action                   || total
-------------------------++-------
Melee: Unarmed           ||     4
       Quick blade       ||    24
 Cast: Freeze            ||    52
  Use: Scroll            ||     5
Armor: Robe              ||    11
Dodge: Dodged            ||    47

Table legend: (Time is in decaauts)
 A = Elapsed time spent in this place.
 B = Non-inter-level travel time spent in this place.
 C = Inter-level travel time spent in this place.
 D = Time resting spent in this place.
 E = Time spent auto-exploring this place.
 F = Levels seen in this place.
 G = Mean time per level.
                   A        B        C        D        E       F      G
               +--------+--------+--------+--------+--------+-----+--------+
         Total |   1714 |   1675 |     39 |    133 |   1230 |   3 |  571.3 |
       Dungeon |   1714 |   1675 |     39 |    133 |   1230 |   3 |  571.3 |
               +--------+--------+--------+--------+--------+-----+--------+

Top non-repeatable levels by time:
     D:1: 1326 daAuts
     D:2: 221 daAuts
     D:3: 165 daAuts
